 Dungeon Sprint DCSS version 0.24-a0-574-g7d3d5a4 (webtiles) character file.

Game seed: 7370880623088768824

4132 Faca the Phalangite (level 10, -1/101 HPs)
             Began as a Merfolk Fighter on Aug 20, 2019.
             Was a High Priest of the Shining One.
             Slain by a spiny frog (18 damage)
             ... in the Dungeon (Sprint IX: "|||||||||||||||||||||||||||||").
             The game lasted 00:04:07 (1220 turns).

Faca the Phalangite (Merfolk Fighter)               Turns: 1220, Time: 00:04:07

Health: -1/101     AC: 11    Str: 24    XL:     10   Next: 27%
Magic:  10/10      EV:  5    Int:  7    God:    the Shining One [*****.]
Gold:   0          SH: 10    Dex: 16    Spells: 9/9 levels left

rFire    . . .     SeeInvis .   a - +0 trident
rCold    . . .     Gourm    .   c - +0 shield
rNeg     + + .     Faith    .   t - +1 chain mail
rPois    .         Spirit   .   p - +0 helmet
rElec    .         Reflect  .   (no cloak)
rCorr    .         Harm     .   q - +0 pair of gloves
MR       .....     NoTele   +   (no boots)
Stlth    ..........             (no amulet)
HPRegen  0.26/turn              r - +3 ring of strength
MPRegen  0.12/turn              s - +3 ring of dexterity

@: lethally poisoned (-1 -> -5), glowing
A: change form in water, swift swim, stealthy swim
a: Divine Shield, Cleansing Flame, Summon Divine Warrior, Renounce Religion


You were in the Dungeon.
You worshipped the Shining One.
The Shining One was extremely pleased with you.
You were very hungry.

You visited 1 branch

Inventory:

Hand Weapons
 a - a +0 trident (weapon)
Armour
 c - a +0 shield (worn)
 p - a +0 helmet (worn)
 q - a +0 pair of gloves (worn)
 t - a +1 chain mail (worn)
Jewellery
 r - a +3 ring of strength (left hand)
 s - a +3 ring of dexterity (right hand)
Wands
 o - a wand of acid (10)
Scrolls
 k - 4 scrolls of blinking
 m - 4 scrolls of remove curse
 n - 2 scrolls of amnesia
 u - 2 scrolls of enchant armour
 v - a scroll of fog
Potions
 b - a potion of mutation
 d - a potion of might
 e - a potion of curing
 h - a potion of haste
 i - 4 potions of magic
 j - a potion of berserk rage
 l - a potion of agility
Comestibles
 f - a ration


   Skills:
 + Level 17.3 Fighting
 + Level 21.3 Polearms
 - Level 2.1 Armour
 - Level 3.0 Shields


You had 9 spell levels left.
You didn't know any spells.
Your spell library was empty.

Dungeon Overview and Level Annotations

Branches:
Dungeon (1/1)

Altars:
Cheibriados
Dithmenos
Elyvilon
Fedhas
Gozag
Hepliaklqana
Kikubaaqudgha
Makhleb
Nemelex Xobeh
Okawaru
Qazlal
Ru
Sif Muna
Trog
Uskayaw
Vehumet
Wu Jian
Xom
Yredelemnul
Zin
The Shining One
Beogh
Jiyva
Lugonu


Message History

You kill the komodo dragon!
Your shield and chain mail prevent you from hitting the spiny frog.
You feel sick.
The spiny frog stings you but does no damage.
You impale the spiny frog!!
The spiny frog is heavily wounded.
You feel sick. You block the spiny frog's attack.
You puncture the spiny frog!
The spiny frog is severely wounded.
You feel sick.
The spiny frog stings you but does no damage.
You hit the spiny frog.
The spiny frog is almost dead.
You hit the spiny frog.
The spiny frog is almost dead.
You feel sick. You block the spiny frog's attack.
You hit the spiny frog.
The spiny frog is almost dead.
The spiny frog stings you!!
You die...

▓_▓.▓÷▓
▓_▓.▓†▓
▓_▓.▓÷▓
▓_▓.▓.▓
▓_▓.▓.▓
▓_▓.▓.▓
▓_▓.▓.▓
▓_▓.▓†▓
▓_▓.▓@▓
▓_▓.▓F▓
▓_▓.▓.▓
▓_▓.▓†▓
▓_▓.▓.▓
▓_▓.▓.▓
▓_▓.▓.▓
▓_▓.▓.▓
▓_▓.▓.▓


You could see a spiny frog.

Vanquished Creatures
  3 black mambas (D)
  3 spiny frogs (D)
  A rime drake (D)
  A komodo dragon (D)
  A troll (D)
  A blink frog (D)
  A wyvern (D)
  2 yaks (D)
  A basilisk (D)
  A water moccasin (D)
  A porcupine (D)
  A sky beast (D)
  A phantom (D)
  4 bullfrogs (D)
  A hound (D)
  An orc wizard (D)
  An iguana (D)
  2 worker ants (D)
  An adder (D)
  2 adder skeletons (D)
  An adder zombie (D)
  A dart slug (D)
  2 orcs (D)
  A giant cockroach (D)
  A goblin (D)
  A frilled lizard (D)
  2 rats (D)
39 creatures vanquished.

Notes
Turn   | Place    | Note
-------+----------+-------------------------------------------
     0 | D        | Faca the Merfolk Fighter began the quest for the Orb.
     0 | D        | Reached XP level 1. HP: 18/18 MP: 1/1
    12 | D        | Reached skill level 4 in Polearms
    35 | D        | Reached skill level 5 in Polearms
    35 | D        | Reached XP level 2. HP: 26/26 MP: 2/2
    41 | D        | Reached skill level 5 in Fighting
    41 | D        | Reached skill level 6 in Polearms
    47 | D        | Reached XP level 3. HP: 22/33 MP: 3/3
   149 | D        | Found a roughly hewn altar of Beogh.
   149 | D        | Found a snail-covered altar of Cheibriados.
   149 | D        | Found a shadowy altar of Dithmenos.
   149 | D        | Found a white marble altar of Elyvilon.
   149 | D        | Found a blossoming altar of Fedhas.
   149 | D        | Found an opulent altar of Gozag.
   150 | D        | Found a hazy altar of Hepliaklqana.
   151 | D        | Found a viscous altar of Jiyva.
   152 | D        | Found an ancient bone altar of Kikubaaqudgha.
   153 | D        | Found a corrupted altar of Lugonu.
   154 | D        | Found a burning altar of Makhleb.
   155 | D        | Found a sparkling altar of Nemelex Xobeh.
   156 | D        | Found an iron altar of Okawaru.
   157 | D        | Found a stormy altar of Qazlal.
   158 | D        | Found a sacrificial altar of Ru.
   159 | D        | Found a shimmering blue altar of Sif Muna.
   160 | D        | Found a bloodstained altar of Trog.
   161 | D        | Found a hide-covered altar of Uskayaw.
   162 | D        | Found a radiant altar of Vehumet.
   163 | D        | Found an ornate altar of the Wu Jian Council.
   164 | D        | Found a shimmering altar of Xom.
   165 | D        | Found a basalt altar of Yredelemnul.
   166 | D        | Found a glowing silver altar of Zin.
   167 | D        | Found a glowing golden altar of the Shining One.
   176 | D        | Became a worshipper of the Shining One
   222 | D        | Noticed a phantom
   222 | D        | Reached * piety under the Shining One
   240 | D        | Reached skill level 7 in Polearms
   246 | D        | Reached skill level 8 in Polearms
   246 | D        | Reached XP level 4. HP: 15/43 MP: 4/4
   257 | D        | Killed a phantom
   257 | D        | Reached ** piety under the Shining One
   257 | D        | Reached skill level 10 in Polearms
   257 | D        | Reached XP level 5. HP: 30/51 MP: 5/5
   261 | D        | Reached skill level 11 in Polearms
   463 | D        | Noticed a troll
   463 | D        | Noticed a sky beast
   463 | D        | Reached *** piety under the Shining One
   463 | D        | Noticed a yak
   472 | D        | Killed a troll
   472 | D        | Reached skill level 14 in Polearms
   472 | D        | Reached XP level 6. HP: 26/62 MP: 6/6
   472 | D        | Reached XP level 7. HP: 29/68 MP: 7/7
   483 | D        | Reached skill level 15 in Polearms
   487 | D        | Killed a yak
   811 | D        | Noticed a spiny frog
   811 | D        | Noticed a black mamba
   811 | D        | Noticed a black mamba
   811 | D        | Noticed a spiny frog
   811 | D        | Noticed a yak
   811 | D        | Reached **** piety under the Shining One
   819 | D        | Killed a spiny frog
   819 | D        | Reached skill level 16 in Polearms
   819 | D        | Reached XP level 8. HP: 60/79 MP: 8/8
   822 | D        | Noticed a wyvern
   826 | D        | Killed a black mamba
   826 | D        | Reached skill level 17 in Polearms
   840 | D        | HP: 3/81 [black mamba (3)]
   845 | D        | Killed a black mamba
   845 | D        | Reached skill level 18 in Polearms
   845 | D        | Reached XP level 9. HP: 47/88 MP: 9/9
   856 | D        | Killed a spiny frog
   856 | D        | Reached skill level 15 in Fighting
   860 | D        | Reached skill level 19 in Polearms
  1160 | D        | Noticed a rime drake
  1160 | D        | Noticed a spiny frog
  1160 | D        | Reached ***** piety under the Shining One
  1160 | D        | Noticed a black mamba
  1172 | D        | Killed a rime drake
  1172 | D        | Reached skill level 20 in Polearms
  1174 | D        | Noticed a komodo dragon
  1176 | D        | Noticed a spiny frog
  1184 | D        | Killed a spiny frog
  1191 | D        | Reached XP level 10. HP: 58/99 MP: 10/10
  1210 | D        | Killed a black mamba
  1210 | D        | Reached skill level 21 in Polearms
  1220 | D        | Slain by a spiny frog

Levels and vault maps discovered:
D:        linesprint [early_d, line_temple, items_1, d_10, items_2, lair_1,
          lair_end, items_3, orc_1, orc_end, items_4, d_15, swamp_1, shoals_1,
          snake_1, spider_1, d_20, vaults_1, items_5, swamp_end, shoals_end,
          snake_end, spider_end, vaults_end, d_27, items_6, zot_1, zot_end,
          crypt_end, forest_end, elf_end, slime_end, tomb_end, abyss_end,
          pan_hell_end]

Skill      XL: |  1  2  3  4  5  6  7  8  9 10 |
---------------+-------------------------------+-----
Fighting       | 4 5 7 8 11 13 14 16 17 | 17.3
Polearms       | 5 6 8 10 14 16 18 20 21 | 21.3
Armour         | |  2.1
Shields        | |  3.0

Action                   |  1- 3 |  4- 6 |  7- 9 | 10-12 || total
-------------------------+-------+-------+-------+-------++-------
Melee: Trident           |    56 |    25 |   101 |    26 ||   208
  Use: Potion            |       |     2 |     9 |     1 ||    12
Armor: Scale mail        |    12 |       |       |       ||    12
       Chain mail        |    13 |    13 |    23 |     9 ||    58
Dodge: Dodged            |    10 |     3 |    13 |     3 ||    29
Block: Shield            |    25 |    15 |    29 |    13 ||    82

Table legend:
 A = Non-vault XP
 B = Vault XP
 C = Vault XP percentage of total XP
 D = Non-vault monster count
 E = Vault monster count
 F = Vault count percentage of total count
                 A         B        C        D         E       F
            +---------+---------+-------+---------+---------+-------
      Total |       0 |    5904 | 100.0 |       0 |      39 | 100.0
            +---------+---------+-------+---------+---------+-------
          D |       0 |    5904 | 100.0 |       0 |      39 | 100.0
            +---------+---------+-------+---------+---------+-------
